 Dungeon Crawl Stone Soup version 0.31-a0-8-gd14b0f4ee2 (webtiles) character file.

Game seed: 11405247724395060844

6502 Morbidden the Ruffian (level 10, -4/91 HPs)
             Began as a Troll Earth Elementalist on May 6, 2023.
             Was a Believer of Cheibriados.
             Slain by a yak (14 damage)
             ... on level 8 of the Dungeon.
             The game lasted 00:13:50 (8359 turns).

Morbidden the Ruffian (Troll Earth Elementalist)    Turns: 8359, Time: 00:13:50

Health: -4/91      AC:  8    Str: 21 (23) XL:     10   Next: 69%
Magic:  0/15       EV: 11    Int: 24 (26) God:    Cheibriados [**....]
Gold:   362        SH:  0    Dex: 12 (15) Spells: 10/18 levels left

rFire   + .          .
                       - Unarmed
rCold   + . .        (no shield)
rNeg    . . .        g - +0 steam dragon scales
rPois   .            n - +1 hat
rElec   .            (no cloak)
rCorr   .            (gloves unavailable)
SInv    +            (boots unavailable)
Will    +....        o - amulet "Tequmnan" {Spirit rF+ rC+ Int+6}
Stlth   ++           C - ring of see invisible
HPRegen 1.15/turn    E - ring of willpower
MPRegen 0.14/turn

%: guardian spirit
@: very slow
A: large, unfitting armour, claws 3, regeneration 1, shaggy fur 1, tough skin 1
a: Renounce Religion, Bend Time


You were on level 8 of the Dungeon.
You worshipped Cheibriados.
Cheibriados was pleased with you.
You visited 2 branches of the dungeon, and saw 9 of its levels.

You collected 362 gold pieces.

Inventory:

Missiles
 a - 10 poisoned darts (quivered)
 s - a boomerang
 t - 3 throwing nets
 D - 6 large rocks
Armour
 g - +0 steam dragon scales (worn)
 n - a +1 hat (worn)
Jewellery
 o - the amulet "Tequmnan" (around neck) {Spirit rF+ rC+ Int+6}
   (You took it off a kobold on level 2 of the Dungeon)

   [amulet of guardian spirit]

   It causes incoming damage to be divided between your reserves of health and
   magic.
   Int:       It affects your intelligence (+6).
   rF:        It protects you from fire.
   rC:        It protects you from cold.
 C - a ring of see invisible (left claw)
 E - a ring of willpower (right claw)
Wands
 w - a wand of mindburst (5)
Scrolls
 c - a scroll of torment
 d - 2 scrolls of fog
 h - 2 scrolls of poison
 j - a scroll of blinking
 l - 2 scrolls of brand weapon
 m - a scroll of amnesia
 p - a scroll of noise
 r - a scroll of immolation
 u - 4 scrolls of vulnerability
 v - a scroll of teleportation
 z - a scroll of magic mapping
 G - a scroll of silence
Potions
 b - a potion of magic
 e - a potion of cancellation
 f - a potion of brilliance
 k - a potion of ambrosia {unknown}
 q - a potion of degeneration
 x - 2 potions of resistance {unknown}
 A - a potion of invisibility
 B - 2 potions of haste {unknown}
 F - 2 potions of attraction {unknown}


   Skills:
 * Level 3.4 Fighting
 + Level 1.1 Throwing
 * Level 3.7 Armour
 * Level 4.1 Dodging
 + Level 1.3 Stealth
 * Level 6.8 Unarmed Combat
 * Level 4.5 Spellcasting
 * Level 2.9 Conjurations
 * Level 3.1 Transmutations
 * Level 6.4 Earth Magic
 * Level 3.2 Poison Magic
 * Level 1.2 Invocations


You had 10 spell levels left.
You knew the following spells:

 Your Spells              Type           Power      Damage    Failure   Level
a - Sandblast             Erth           72%        2d16      1%          1
b - Stone Arrow           Conj/Erth      56%        3d10      4%          3
c - Olgreb's Toxic Radia  Pois           20%        N/A       24%         4

Your spell library contained the following spells:

 Spells                   Type           Power      Damage    Failure   Level
 Passwall                 Tmut/Erth      23%        N/A       1%          2
 Spider Form              Tmut/Pois      20%        N/A       8%          3
 Petrify                  Tmut/Erth      28%        N/A       13%         4
 Ensorcelled Hibernation  Hex/Ice        10%        N/A       14%         2
 Anguish                  Hex/Necr       2%         N/A       67%         4
 Discord                  Hex            2%         N/A       100%        8
 Ignition                 Fire           2%         3d3       100%        8


Dungeon Overview and Level Annotations

Branches:
Dungeon (8/15)             Temple (1/1) D:7            Lair (0/5) D:8

Altars:
Cheibriados
Dithmenos
Gozag
Kikubaaqudgha
Makhleb
Nemelex Xobeh
Okawaru
Qazlal
Ru
Sif Muna
Uskayaw
Wu Jian
Xom
Yredelemnul

Shops:
D:2 (   D:5 =


Innate Abilities, Weirdness & Mutations

You are too large for most types of armour.
You have claws for hands.
Your natural rate of healing is unusually fast.
You are covered in fur. (AC +1)
You have tough skin. (AC +1)


Message History

You claw the yak!
The yak is almost dead.
The yak gores you!
* * * LOW HITPOINT WARNING * * *
Unknown command.
Unknown command.
You claw the yak!
You kill the yak!
Cheibriados appreciates the change of pace.
Unknown command.
Unknown command.
You claw the yak!
The yak is moderately wounded.
The yak gores you!
* * * LOW HITPOINT WARNING * * *
Unknown command.
Unknown command.
Unknown command.
You scratch the yak.
The yak is heavily wounded.
Unknown command.
Unknown command.
It was a potion of degeneration.
There was something very wrong with that liquid.
You feel weakened.
You feel dopey.
You feel clumsy. The yak gores you!
* * * LOW HITPOINT WARNING * * *
Unknown command.
You feel better. The yak gores you.
* * * LOW HITPOINT WARNING * * *
Unknown command.
Unknown command.
Unknown command.
Unknown command.
Okay, then.
Aiming: Mindburst
Press: ? - help, Shift-Dir - straight line, f - yak
Aim: a yak (heavily wounded, chance to affect: 64%)
The yak struggles to resist.
The yak gores you!
You die...

#####..#.#
<.oYY/.Y[########
.######.#[..~##.### .#..
.#Y.?........##
.#.#........(......#
##.##........(#....###
#.##[.Y.....[(......#
#<#....#.#...#Y#....##
..#.......##.###@.....##
#.#.....#.#...##..#....#
## ......#.....#....(..#
......)..>....[~....#
......#.....#.......#
.....###...###.#....#
...... ##.#..#..รท..##
...#.#...###.....#
................##


You could see a yak.

Vanquished Creatures
  Maggie (D:6)
  A rime drake (D:8)
  A polar bear (D:8)
  A hornet (D:8)
  Prince Ribbit (D:6)
  8 yaks
  Sigmund (D:3)
  A wyvern (D:7)
  Eustachio (D:4)
  2 water moccasins
  2 orc warriors
  A black bear (D:6)
  7 ice beasts
  An ogre (D:6)
  2 centaurs
  3 wolves (D:8)
  2 phantoms (D:7)
  3 kobold brigands
  Blork the orc (D:5)
  A bullfrog (D:6)
  2 scorpions
  9 wights
  8 killer bees
  3 hounds
  4 orc priests
  2 jellies
  A sleepcap (D:5)
  3 iguanas
  Terence (D:3)
  Natasha (thrice) (D:4)
  4 orc wizards
  4 gnolls (D:5)
  5 adders
  A white imp (D:8)
  An ufetubus (D:5)
  A dart slug (D:5)
  15 orcs
  4 bats
  9 endoplasms
  2 giant cockroaches
  5 goblins
  4 hobgoblins
  4 jackals (D:4)
  16 kobolds
  2 quokkas
  7 ball pythons
  3 frilled lizards
  5 rats
169 creatures vanquished.

Notes
Turn   | Place    | Note
-------+----------+-------------------------------------------
     0 | D:1      | Morbidden the Troll Earth Elementalist began the quest for
                  | the Orb.
     0 | D:1      | Reached XP level 1. HP: 16/16 MP: 1/1
   196 | D:1      | Reached XP level 2. HP: 19/24 MP: 0/2
   855 | D:2      | Found Leyrize's Weapon Emporium.
   934 | D:2      | Reached XP level 3. HP: 31/31 MP: 0/4
   939 | D:2      | Reached skill level 1 in Transmutations
  1197 | D:2      | Identified the amulet "Tequmnan" {Spirit rF+ rC+ Int+6}
  1782 | D:3      | Learned a level 3 spell: Stone Arrow
  1861 | D:3      | Noticed Sigmund
  1914 | D:3      | Killed Sigmund
  1915 | D:3      | Reached skill level 1 in Fighting
  1915 | D:3      | Reached skill level 1 in Unarmed Combat
  1915 | D:3      | Reached XP level 4. HP: 41/41 MP: 1/6
  1915 | D:3      | Reached XP level 5. HP: 48/48 MP: 1/7
  2058 | D:3      | Noticed Terence
  2064 | D:3      | Killed Terence
  2575 | D:4      | Reached XP level 6. HP: 48/55 MP: 6/8
  3118 | D:4      | Noticed Natasha
  3121 | D:4      | Killed Natasha
  3122 | D:4      | Reached skill level 1 in Armour
  3127 | D:4      | Learned a level 4 spell: Olgreb's Toxic Radiance
  3164 | D:4      | Noticed Eustachio
  3211 | D:4      | Killed Eustachio
  3400 | D:4      | Noticed Natasha
  3409 | D:4      | Killed Natasha
  3410 | D:4      | Reached XP level 7. HP: 59/65 MP: 5/9
  3533 | D:4      | Noticed Natasha
  3539 | D:4      | Killed Natasha
  3580 | D:5      | Entered Level 5 of the Dungeon
  3580 | D:5      | Found a shadowy altar of Dithmenos.
  3615 | D:4      | Reached skill level 1 in Conjurations
  3771 | D:5      | Found a stormy altar of Qazlal.
  4134 | D:5      | Found Domadudu's Jewellery Emporium.
  4148 | D:5      | Reached skill level 1 in Poison Magic
  4148 | D:5      | Reached XP level 8. HP: 60/74 MP: 4/11
  4262 | D:5      | Noticed Blork the orc
  4274 | D:5      | Killed Blork the orc
  4350 | D:5      | Reached skill level 5 in Earth Magic
  4543 | D:6      | Found an opulent altar of Gozag.
  4545 | D:6      | Found an opulent altar of Gozag.
  4552 | D:6      | Found an opulent altar of Gozag.
  4560 | D:6      | Found an opulent altar of Gozag.
  4854 | D:6      | Noticed Maggie
  4885 | D:6      | Found a sparkling altar of Nemelex Xobeh.
  4996 | D:6      | Killed Maggie
  5206 | D:6      | Reached XP level 9. HP: 72/80 MP: 6/13
  5530 | D:6      | Noticed Prince Ribbit
  5538 | D:6      | Killed Prince Ribbit
  5869 | D:7      | Found a staircase to the Ecumenical Temple.
  5921 | Temple   | Entered the Ecumenical Temple
  5977 | Temple   | Became a worshipper of Cheibriados the Contemplative
  6035 | D:7      | You fall into a shaft and drop 1 floor!
  6231 | D:8      | Noticed a polar bear
  6275 | D:7      | Reached skill level 5 in Unarmed Combat
  6457 | D:7      | Reached * piety under Cheibriados
  6754 | D:7      | Reached XP level 10. HP: 84/91 MP: 1/15
  8008 | D:8      | Reached ** piety under Cheibriados
  8174 | D:8      | Reached skill level 1 in Throwing
  8188 | D:8      | Paralysed by a hornet for 1 turns
  8281 | D:8      | Found a staircase to the Lair.
  8314 | D:8      | Reached skill level 1 in Invocations
  8357 | D:8      | HP: 2/91 [yak (11)]
  8359 | D:8      | Slain by a yak

Illustrated notes

Levels and vault maps discovered:
D:1:      spicycebolla_arrival_xxxplode, layout_loops_ring
D:2:      layout_loops_ring, serial_shops, nicolae_shop_tiny_real_fake_doors,
          minmay_ruptured
D:3:      layout_loops_cross, uniq_sigmund, uniq_terence
D:4:      layout_gridville, item_on_display_a, uniq_eustachio, uniq_natasha
D:5:      layout_cave_pools, mainiacjoe_overflow_catwalk_spiral, serial_shops,
          nicolae_shop_stone, dreamdust_mushroom_princess, uniq_blork_the_orc
D:6:      layout_basic, nemelex_xobeh_ov_fountains_minmay,
          nicolae_gozag_conspicuous_consumption, uniq_prince_ribbit1,
          uniq_maggie
D:7:      layout_basic, temple_doors_e
D:8:      layout_basic, hellmonk_lair_entry_icy
Temple:   nicolae_temple_two_arcs

Skill      XL: |  1  2  3  4  5  6  7  8  9 10 |
---------------+-------------------------------+-----
Earth Magic    | 3 4 5 6 |  6.4
Transmutations | 1 2 3 |  3.1
Fighting       | 1 2 3 |  3.4
Dodging        | 2 3 4 |  4.1
Unarmed Combat | 1 2 3 5 6 |  6.8
Spellcasting   | 2 3 4 |  4.5
Armour         | 1 2 3 |  3.7
Conjurations   | 1 2 |  2.9
Poison Magic   | 1 2 3 |  3.2
Throwing       | 1 |  1.1
Invocations    | 1 |  1.2
Stealth        | |  1.3

Action                     |  1- 3 |  4- 6 |  7- 9 | 10-12 || total
---------------------------+-------+-------+-------+-------++-------
  Melee: Unarmed           |    41 |    44 |   213 |   137 ||   435
         Punch             |       |       |     8 |     7 ||    15
  Throw: Dart              |       |       |     7 |    16 ||    23
   Cast: Sandblast         |    45 |    30 |    80 |     6 ||   161
         Stone Arrow       |       |       |    24 |    21 ||    45
  Evoke: Wand              |       |       |       |     2 ||     2
    Use: Potion            |     3 |       |     5 |     3 ||    11
         Scroll            |       |       |     4 |    11 ||    15
   Stab: Sleeping          |     2 |     1 |       |       ||     3
         Invisible         |       |       |     1 |       ||     1
 Armour: Robe              |    21 |    16 |    42 |       ||    79
         Skin              |     4 |       |    71 |       ||    75
         Steam dragon scal |       |       |    27 |    49 ||    76
  Dodge: Dodged            |    16 |    52 |   160 |    79 ||   307

Table legend: (Time is in decaauts)
 A = Elapsed time spent in this place.
 B = Non-inter-level travel time spent in this place.
 C = Inter-level travel time spent in this place.
 D = Time resting spent in this place.
 E = Time spent auto-exploring this place.
 F = Levels seen in this place.
 G = Mean time per level.
                   A        B        C        D        E       F      G
               +--------+--------+--------+--------+--------+-----+--------+
         Total |   8811 |   8611 |    200 |    527 |   6504 |   9 |  979.0 |
       Dungeon |   8743 |   8553 |    190 |    527 |   6458 |   8 | 1092.9 |
        Temple |     67 |     57 |     10 |      0 |     46 |   1 |   67.0 |
               +--------+--------+--------+--------+--------+-----+--------+

Top non-repeatable levels by time:
     D:7: 1589 daAuts
     D:6: 1320 daAuts
     D:4: 1311 daAuts
     D:8: 1238 daAuts
     D:3: 884 daAuts
     D:2: 815 daAuts
     D:5: 797 daAuts
     D:1: 786 daAuts
  Temple: 67 daAuts
